AoeStats
← UMP master

Golden Pit

508336608Analyzed
1v1 RM · 9d ago on Sep 22, 2026· 46m 9s· 2 players
Game mode
Random Map
Map size
Tiny (2 player)
Population
200
Speed
Normal
Resources
Standard
Victory
Conquest
Starting age
Dark Age
Ending age
Imperial Age
RankedLock teamsTeams togetherTeam positionsShared explorationLock speedFull tech treeHidden civsTurbo modeCheats
Victory
Defeat
🇪🇸 Bengalis · Spain
1337
+13
🇦🇷 Vikings · Argentina
1277
-13
mambokikssz
6:23 Loom
8:50 Feudal Age
10:41 Double-Bit Axe
14:24 Fletching
21:53 Castle Age
20:05 Padded Archer Armor
20:28 Gold Mining
21:23 Horse Collar
22:05 Town Watch
22:31 Bodkin Arrow
21:58 Crossbowman
32:48 Imperial Age
32:47 Ballistics
34:06 Arbalester
36:34 Bracer
44:33 Scale Barding Armor
44:41 Forging
44:41 Light Cavalry
46:30 Chain Barding Armor
47:07 Iron Casting
UMP master
10:05 Feudal Age
8:42 Loom
15:07 Castle Age
13:56 Double-Bit Axe
21:26 Horse Collar
26:48 Fletching
27:13 Gold Mining
31:05 Imperial Age
29:14 Wheelbarrow
29:14 Bow Saw
30:24 Bodkin Arrow
32:33 Town Watch
34:55 Bracer
36:57 Onager
38:22 Ballistics
39:02 Chemistry
43:12 Bloodlines
42:25 Light Cavalry
43:17 Scale Barding Armor
43:23 Forging
44:42 Chain Barding Armor
45:23 Conscription
Connection lost

Rejoining the realm…

Still unreachable

The connection could not be restored.

Session expired

The server has moved on; the page needs a fresh start.